 Dungeon Crawl Stone Soup version 0.20.0-15-g7f486f2 (webtiles) character file.

4215 vishdafish the Basher (level 10, -4/90 HPs)
             Began as a Gargoyle Fighter on June 18, 2017.
             Slain by an unseen horror (5 damage)
             ... on level 9 of the Dungeon.
             The game lasted 00:32:15 (8517 turns).

vishdafish the Basher (Gargoyle Fighter)            Turns: 8517, Time: 00:32:16

Health: -4/90      AC: 17    Str: 25    XL:     10   Next: 30%
Magic:  10/10      EV: 11    Int: 14    God:
Gold:   362        SH: 12    Dex: 16    Spells: 9/9 levels left

rFire    . . .     SeeInvis .   a - +0 flail
rCold    . . .     Gourm    .   c - +0 shield
rNeg     + . .     Faith    .   C - +2 scale mail {rPois}
rPois    ∞         Spirit   .   (no helmet)
rElec    +         Reflect  .   w - +0 cloak
rCorr    .         Harm     .   (no gloves)
MR       .....     Clarity  +   (no boots)
Stlth    ..........             r - amulet of rage
Regen    0.3/turn               q - +3 ring of slaying
MPRegen  0.2/turn               y - +4 ring of dexterity

@: brilliant, berserking (expiring), very quick
A: molten scales 1, camouflage 1, blurry vision 1, clarity, deformed body,
negative energy resistance 1, electricity resistance, wild magic 1, unbreathing,
petrification resistance, rot immunity, AC +7
a: Evoke Berserk Rage


You were on level 9 of the Dungeon.
You were not hungry.

You visited 2 branches of the dungeon, and saw 10 of its levels.

You collected 362 gold pieces.

Inventory:

Hand Weapons
 a - a +0 flail (weapon)
 F - a +0 dire flail
 I - a cursed +1 hand axe
 L - a +0 blowgun
Missiles
 z - 4 needles of frenzy (quivered)
Armour
 c - a +0 shield (worn)
 w - a +0 cloak (worn)
 C - a +2 scale mail of poison resistance (worn)
 O - a +2 ring mail of poison resistance
 P - a +0 plate armour
Jewellery
 g - a +4 ring of strength
 q - a +3 ring of slaying (left hand)
 r - an amulet of rage (around neck)
 y - a +4 ring of dexterity (right hand)
 E - an uncursed ring of positive energy
 N - an uncursed ring of protection from cold {unknown}
Wands
 e - a wand of paralysis (11/24)
 u - a wand of confusion (37/48)
Scrolls
 b - 2 scrolls of immolation {unknown}
 h - 8 scrolls of remove curse
 j - 2 scrolls of teleportation
 p - 4 scrolls of recharging {unknown}
 t - a scroll of magic mapping {unknown}
 v - 4 scrolls of enchant weapon {unknown}
 x - 2 scrolls of fog {unknown}
 J - 2 scrolls of identify
 K - 2 scrolls of fear {unknown}
 M - a scroll of summoning {unknown}
Potions
 d - a potion of might
 f - a potion of agility
 k - 2 potions of flight
 m - a potion of degeneration {unknown}
 n - a potion of invisibility {unknown}
 o - a potion of brilliance
Books
 A - a book of Conjurations

   Spells                             Type                      Level
   a - Magic Dart                     Conjuration                  1
   b - Searing Ray                    Conjuration                  2
   c - Dazzling Spray                 Conjuration/Hexes            3
   d - Fulminant Prism                Conjuration/Hexes            4
   e - Force Lance                    Conjuration/Translocation    4
   f - Iskenderun's Mystic Blast      Conjuration                  4
 B - a book of Callings

   Spells                             Type                      Level
   a - Summon Small Mammal            Summoning                    1
   b - Call Imp                       Summoning                    2
   c - Call Canine Familiar           Summoning                    3
   d - Summon Guardian Golem          Hexes/Summoning              3
   e - Summon Lightning Spire         Summoning/Air                4
   f - Summon Ice Beast               Ice/Summoning                4
 H - a book of Misfortune

   Spells                             Type                      Level
   a - Confusing Touch                Hexes                        1
   b - Confuse                        Hexes                        3
   c - Gell's Gravitas                Translocation                3
   d - Petrify                        Transmutation/Earth          4
   e - Metabolic Englaciation         Hexes/Ice                    5
   f - Yara's Violent Unravelling     Hexes/Transmutation          5
Comestibles
 i - a meat ration
 l - a royal jelly
 s - 3 bread rations
 G - 2 fruits


   Skills:
 + Level 5.9 Fighting
 + Level 9.3 Maces & Flails
 + Level 7.1 Armour
 + Level 3.6 Dodging
 + Level 2.1 Stealth
 + Level 8.7 Shields
 + Level 0.1 Evocations


You had 9 spell levels left.
You didn't know any spells.

Dungeon Overview and Level Annotations

Branches:
Dungeon (9/15)             Temple (1/1) D:6             Orc (0/2) D:9
   Lair: D:8-11

Altars:
Ashenzari
Cheibriados
Dithmenos
Elyvilon
Fedhas
Gozag
Hepliaklqana
Kikubaaqudgha
Makhleb
Nemelex Xobeh
Okawaru
Qazlal
Ru
Sif Muna
Trog
Uskayaw
Vehumet
Xom
Yredelemnul
Zin
The Shining One


Innate Abilities, Weirdness & Mutations

You are resistant to torment.
Your stone body is resilient. (AC +7)
You are immune to poison.
You resist negative energy. (rN+)
You are resistant to electric shocks. (rElec)
You can survive without breathing.
You are immune to petrification.
You are immune to rotting.
You are partially covered in molten scales. (AC +2)
Your skin changes colour to match your surroundings (Stealth+).
Scrolls take you a little longer to read.
You possess an exceptional clarity of mind.
Armour fits poorly on your strangely shaped body.
Your spells are a little harder to cast, but a little more powerful.


Message History

Something hits you but does no damage.
It was a potion of brilliance.
You feel clever all of a sudden. Something hits you but does no damage.
You block something's attack. Something hits you.
* * * LOW HITPOINT WARNING * * *
Something hits you.
* * * LOW HITPOINT WARNING * * *
Something hits you!
* * * LOW HITPOINT WARNING * * *
Okay, then.
A red film seems to cover your vision as you go berserk!
You feel yourself moving faster!
You feel mighty!
You feel a lot more hungry. You block something's attack.
Something hits you but does no damage.
You feel a strong urge to attack something.
You block something's attack.
Your shield and scale mail prevent you from hitting something.
Something hits you.
You die...

#....)## #....?.## #......#
#....%..# #......# #......##
#......## #.......## #.......#
#..<....# #.......## ##.......#
#........# ###........#
#........############..........#
#...............@............$.#
#.......########....###.......##
#.....### ###..# ###......#
#....## #..# ###..$.# ######
#### ######


There were no monsters in sight!

Vanquished Creatures
  A two-headed ogre (D:7)
  A hippogriff (D:7)
  A warg (D:9)
  A water moccasin (D:5)
  4 orc warriors
  An ice beast (D:8)
  2 sky beasts
  3 ogres
  A phantom (D:9)
  3 centaurs
  Blork the orc (D:6)
  A big kobold (D:7)
  5 bullfrogs
  2 scorpions (D:4)
  4 killer bees (D:7)
  3 wights (D:8)
  2 crimson imps (D:6)
  4 orc priests
  2 bullfrog skeletons
  11 orc wizards
  3 hounds
  3 jellies
  6 worker ants
  A howler monkey skeleton (D:5)
  9 adders
  2 adder zombies
  2 worms (D:3)
  3 dart slugs
  3 leopard geckos
  28 orcs
  2 giant cockroaches
  13 goblins
  8 hobgoblins
  8 jackals
  8 kobolds
  4 quokkas
  A ball python (D:4)
  6 bats
  6 frilled lizards
  A jackal skeleton (D:4)
  A jackal zombie (D:6)
  3 leopard gecko skeletons
  A quokka skeleton (D:4)
  2 quokka zombies
  7 rats
184 creatures vanquished.

Vanquished Creatures (others)
  An orc wizard (D:6)
1 creature vanquished.

Grand Total: 185 creatures vanquished

Notes
Turn   | Place    | Note
-------+----------+-------------------------------------------
     0 | D:1      | vishdafish the Gargoyle Fighter began the quest for the Orb.
     0 | D:1      | Reached XP level 1. HP: 14/14 MP: 1/1
   150 | D:1      | Reached XP level 2. HP: 19/19 MP: 2/2
   674 | D:2      | Reached XP level 3. HP: 12/23 MP: 3/3
  1346 | D:2      | Reached skill level 3 in Maces & Flails
  1593 | D:3      | Reached XP level 4. HP: 25/28 MP: 4/4
  2207 | D:4      | Reached XP level 5. HP: 30/32 MP: 5/5
  2259 | D:4      | Reached skill level 4 in Maces & Flails
  2259 | D:4      | Reached skill level 1 in Dodging
  2325 | D:4      | Reached XP level 6. HP: 24/37 MP: 6/6
  2930 | D:5      | Entered Level 5 of the Dungeon
  2941 | D:5      | Noticed a water moccasin
  2954 | D:5      | Killed a water moccasin
  2954 | D:5      | Reached skill level 5 in Shields
  3083 | D:5      | Reached XP level 7. HP: 34/41 MP: 7/7
  3398 | D:5      | Reached skill level 5 in Maces & Flails
  3400 | D:5      | Reached skill level 5 in Armour
  3647 | D:6      | Reached skill level 1 in Stealth
  3672 | D:6      | Noticed Blork the orc
  3679 | D:6      | Killed Blork the orc
  3881 | D:6      | Reached XP level 8. HP: 36/48 MP: 8/8
  4095 | D:6      | Reached skill level 6 in Maces & Flails
  4146 | D:6      | Gained mutation: Your movements are slightly less encumbered by armour. (ER -2) [mutagenic meat]
  4147 | D:6      | Gained mutation: Scrolls take you a little longer to read. [mutagenic meat]
  4148 | D:6      | Gained mutation: You are dopey. (Int -2) [mutagenic meat]
  4149 | D:6      | Gained mutation: You have a pair of small horns on your head. [mutagenic meat]
  4192 | D:6      | Found a staircase to the Ecumenical Temple.
  4705 | Temple   | Entered the Ecumenical Temple
  4966 | D:7      | Lost mutation: You are dopey. (Int -2) [potion of mutation]
  4966 | D:7      | Lost mutation: You have a pair of small horns on your head. [potion of mutation]
  4966 | D:7      | Lost mutation: Scrolls take you a little longer to read. [potion of mutation]
  4966 | D:7      | Lost mutation: Your movements are slightly less encumbered by armour. (ER -2) [potion of mutation]
  4966 | D:7      | Gained mutation: You tend to lose your temper in combat. [potion of mutation]
  4966 | D:7      | Gained mutation: Your flesh is heat resistant. (rF+) [potion of mutation]
  4979 | D:7      | Noticed a hippogriff
  4989 | D:7      | Killed a hippogriff
  4989 | D:7      | Reached skill level 7 in Maces & Flails
  5086 | D:7      | You fall through a shaft!
  5221 | D:8      | Reached XP level 9. HP: 48/52 MP: 9/9
  5675 | D:8      | Reached skill level 8 in Maces & Flails
  5949 | D:7      | Noticed a two-headed ogre
  6152 | D:7      | Lost mutation: You tend to lose your temper in combat. [potion of mutation]
  6152 | D:7      | Lost mutation: Your flesh is heat resistant. (rF+) [potion of mutation]
  6152 | D:7      | Gained mutation: You are partially covered in molten scales. (AC +2) [potion of mutation]
  6152 | D:7      | Gained mutation: Scrolls take you a little longer to read. [potion of mutation]
  6152 | D:7      | Gained mutation: Your skin changes colour to match your surroundings (Stealth+). [potion of mutation]
  6155 | D:7      | Gained mutation: You are weak. (Str -2) [mutagenic meat]
  6156 | D:7      | Gained mutation: You are frail. (-10% HP) [mutagenic meat]
  6157 | D:7      | Gained mutation: Your spells are a little harder to cast, but a little more powerful. [mutagenic meat]
  6176 | D:7      | Lost mutation: You are weak. (Str -2) [potion of mutation]
  6176 | D:7      | Lost mutation: You are frail. (-10% HP) [potion of mutation]
  6176 | D:7      | Gained mutation: Armour fits poorly on your strangely shaped body. [potion of mutation]
  6176 | D:7      | Gained mutation: You possess an exceptional clarity of mind. [potion of mutation]
  6380 | D:7      | Reached skill level 5 in Fighting
  6643 | D:7      | Killed a two-headed ogre
  6643 | D:7      | Reached XP level 10. HP: 46/59 MP: 10/10
  7560 | D:9      | Reached skill level 9 in Maces & Flails
  7975 | D:9      | Found a staircase to the Orcish Mines.
  8514 | D:9      | HP: 1/60 [something (7)]
  8517 | D:9      | Slain by an unseen horror

Skill      XL: |  1  2  3  4  5  6  7  8  9 10 |
---------------+-------------------------------+-----
Maces & Flails | 3 4 5 7 8 9 |  9.3
Shields        | 4 5 6 7 8 |  8.7
Armour         | 4 5 6 7 |  7.1
Dodging        | 1 2 3 |  3.6
Stealth        | 1 2 |  2.1
Fighting       | 4 5 |  5.9
Evocations     | |  0.1

Action                   |  1- 3 |  4- 6 |  7- 9 | 10-12 || total
-------------------------+-------+-------+-------+-------++-------
Melee: Flail             |   169 |   238 |   362 |   154 ||   923
       Headbutt          |       |       |     5 |       ||     5
 Abil: Evoke Berserk Rag |       |       |       |     1 ||     1
Evoke: Wand              |       |       |     2 |       ||     2
  Use: Scroll            |       |     2 |     8 |       ||    10
       Potion            |       |       |     4 |     5 ||     9
 Stab: Confused          |       |       |     1 |       ||     1
  Eat: Bread ration      |     1 |       |       |       ||     1
       Meat ration       |       |     1 |     2 |     2 ||     5
       Chunk             |       |       |    10 |       ||    10
Armor: Scale mail        |   118 |   137 |   191 |   124 ||   570
Dodge: Dodged            |    60 |    96 |   149 |    28 ||   333
Block: Shield            |   116 |   135 |   234 |    86 ||   571
